 Dungeon Crawl Stone Soup version 0.27-a0-1191-g601b473118 (console) character file.

Game seed: 7849893414782298073

9538 jejorda2 the Impaler (level 11, -3/121 HPs)
             Began as a Merfolk Berserker on May 24, 2021.
             Was a High Priest of Trog.
             Killed from afar by a gargoyle (7 damage)
             ... with a stone arrow
             ... on level 10 of the Dungeon.
             The game lasted 00:26:21 (10076 turns).

jejorda2 the Impaler (Merfolk Berserker)           Turns: 10076, Time: 00:26:22

Health: -3/121     AC: 16    Str: 20    XL:     11   Next: 48%
Magic:  11/11      EV: 16    Int:  7    God:    Trog [*****.]
Gold:   421        SH:  0    Dex: 14    Spells: 10/10 levels left

rFire    + . .     SeeInvis .   B - +0 glaive
rCold    + . .     Faith    .   (shield currently unavailable)
rNeg     + + .     Spirit   .   C - +4 scale mail {rN+}
rPois    +         Reflect  .   F - +0 helmet
rElec    .         Harm     .   q - +2 cloak
rCorr    .         Rampage  .   (no gloves)
Will     ++...                  (no boots)
Stlth    ..........             k - amulet of Gehuwk {RegenMP rF+ rC+ rN+}
HPRegen  1.30/turn              x - ring of poison resistance
MPRegen  0.37/turn              p - +4 ring of evasion

@: berserking (expiring), strong-willed, regenerating, studying Polearms, very
quick
A: (nimble swimmer 2), mertail
a: Renounce Religion, Berserk, Trog's Hand, Brothers in Arms


You were on level 10 of the Dungeon.
You worshipped Trog.
Trog was extremely pleased with you.
You visited 1 branch of the dungeon, and saw 10 of its levels.
You also visited: Sewer.

You collected 421 gold pieces.

Inventory:

Hand Weapons
 a - a +0 halberd
 B - a +0 glaive (weapon)
 D - a +0 trident
Missiles
 c - 35 poisoned darts (quivered)
 j - 27 boomerangs
 n - 7 curare-tipped darts
 y - 8 silver javelins
 A - 3 throwing nets
Armour
 q - a +2 cloak (worn)
 C - a +4 scale mail of positive energy (worn)
 F - a +0 helmet (worn)
Jewellery
 e - a ring of protection from cold
 i - a ring of see invisible
 k - the amulet of Gehuwk (around neck) {RegenMP rF+ rC+ rN+}
   (You found it on level 7 of the Dungeon)

   [amulet of magic regeneration]

   It increases your rate of magic regeneration.
   It protects you from fire.
   It protects you from cold.
   It protects you from negative energy.
 p - a +4 ring of evasion (right hand)
 s - a ring of protection from fire
 x - a ring of poison resistance (left hand)
Wands
 o - a wand of digging (3)
 w - a wand of flame (28)
 E - a wand of polymorph (12)
Scrolls
 b - 5 scrolls of identify
 l - a scroll of amnesia
 m - 2 scrolls of teleportation {unknown}
 r - 2 scrolls of blinking
 t - a scroll of enchant armour
 u - a scroll of silence
 v - 3 scrolls of fear
 z - 2 scrolls of magic mapping
Potions
 d - 4 potions of might
 f - a potion of heal wounds
 g - 5 potions of curing
 h - a potion of haste


   Skills:
 + Level 6.2 Fighting
 - Level 20.0 Polearms
 + Level 2.8 Throwing
 - Level 6.0 Armour
 + Level 4.8 Dodging


You had 10 spell levels left.
You didn't know any spells.
Your spell library was empty.

Dungeon Overview and Level Annotations

Branches:
Dungeon (10/15)            Temple (0/1) D:6            Lair (0/6) D:9
  Sewer (visited)
    Orc: D:9-12

Altars:
Cheibriados
Dithmenos
Gozag
Hepliaklqana
Kikubaaqudgha
Makhleb
Qazlal
Sif Muna
Vehumet
Wu Jian
Yredelemnul
Zin

Shops:
D:10 *?*!

Annotations:
D:6 1 runed translucent door, exclusion: door, Crazy Yiuf


Innate Abilities, Weirdness & Mutations

((You are quick and stealthy near water. (Stealth+, EV+, Speed+++)))
Your lower body shifts to a powerful aquatic tail in water.


Message History

The steam dragon bites you.
* * * LOW HITPOINT WARNING * * *
The steam dragon claws you but does no damage.
The manticore bites you but does no damage.
The manticore claws you but does no damage. x2
The troll barely misses you. The troll claws you but does no damage.
The troll closely misses you. The orc hits you with a +0 flail.
* * * LOW HITPOINT WARNING * * *
The orc wizard misses you. The steam dragon breathes steam at you.
The ball of steam misses you.
The ball of steam hits the orc!
The orc dies!
You hear an angry buzzing noise.
You slash the steam dragon!
The steam dragon is heavily wounded.
The manticore flicks its tail.
The volley of spikes misses you. The orc wizard barely misses you.
You slash the steam dragon!
The steam dragon is almost dead.
You hear some strange, mumbled words.
A puff of flame appears from out of thin air!
The puff of flame hits you. You resist.
* * * LOW HITPOINT WARNING * * *
The wight closely misses you.
You carve the steam dragon like a ham!!!
You kill the steam dragon!
Trog accepts your kill.
The gnoll shaman utters an invocation to its god.
The gnoll shaman is healed somewhat.
The manticore flicks its tail.
The volley of spikes misses you.
The troll is engulfed in a cloud of scalding steam.
The troll bites you but does no damage. The troll barely misses you.
The troll claws you!
* * * LOW HITPOINT WARNING * * *
The orc wizard is engulfed in a cloud of scalding steam.
The orc wizard barely misses you.
The gargoyle hurls a stone arrow at you.
The stone arrow hits you!
You die...

...#.........<
.............
..###............
#................
#.#.#9..........
##.......g.....#
###.......Hy)z§..#
..........o{T§.§.#
♣.♣.♣.♣..9§@§.§..#
..∩......§§§§§..#
♣.♣.♣.♣.......(..#
.∩.⌠.∩...........#
♣.♣.♣.♣..........#
...∩.............#
♣.♣.♣.♣..........#
.................#
########.........


You could see a manticore, a troll, 2 gargoyles, a gnoll shaman, a killer bee, a
wight and an orc wizard.

Vanquished Creatures
  2 two-headed ogres
  2 manticores
  A centaur zombie (D:6)
  2 trolls
  A wraith (D:10)
  A wyvern (D:9)
  2 yaks (D:9)
  2 steam dragons
  A water moccasin (D:8)
  Duvessa (D:6)
  5 black bears (D:9)
  5 orc warriors
  A hornet zombie (D:6)
  3 ice beasts
  3 sky beasts
  2 necrophages
  3 centaurs
  A phantom (D:6)
  6 kobold brigands
  9 bullfrogs
  A wyvern zombie (D:6)
  2 scorpions
  Dowan (D:6)
  8 killer bees
  5 howler monkeys
  3 wights (D:8)
  2 bullfrog skeletons
  3 jellies
  8 orc priests
  5 hounds
  2 centaur skeletons
  2 iguanas
  Ijyb (D:3)
  8 orc wizards
  A howler monkey zombie (D:9)
  5 gnolls (D:4)
  21 adders
  3 river rats
  3 shadow imps
  2 white imps
  An adder skeleton (D:4)
  An adder zombie (D:5)
  8 worms
  3 dart slugs
  33 orcs
  2 bats (D:1)
  9 endoplasms
  8 giant cockroaches
  5 goblins
  6 hobgoblins
  11 jackals
  8 kobolds
  6 quokkas
  5 ball pythons
  3 frilled lizards
  A jackal skeleton (D:4)
  9 rats
  A spectral orc (D:5)
259 creatures vanquished.

Vanquished Creatures (collateral kills)
  Harold (D:7)
  An unseen horror (D:7)
  Menkaure (D:7)
  A centaur (D:10)
  2 howler monkeys (D:7)
  2 orcs
8 creatures vanquished.

Vanquished Creatures (others)
  An orc wizard (D:10)
  2 orcs (D:10)
  39 fungi
  110 plants
152 creatures vanquished.

Grand Total: 419 creatures vanquished

Notes
Turn   | Place    | Note
-------+----------+-------------------------------------------
     0 | D:1      | jejorda2 the Merfolk Berserker began the quest for the Orb.
     0 | D:1      | Reached XP level 1. HP: 18/18 MP: 1/1
   202 | D:1      | Reached XP level 2. HP: 17/24 MP: 2/2
   632 | D:1      | Reached skill level 5 in Polearms
   989 | D:2      | Reached XP level 3. HP: 29/29 MP: 3/3
  1213 | D:2      | Reached ** piety under Trog
  1364 | D:2      | Reached XP level 4. HP: 37/37 MP: 4/4
  1569 | D:3      | Noticed Ijyb
  1613 | D:3      | Killed Ijyb
  1614 | D:3      | Reached skill level 6 in Polearms
  2238 | D:3      | Reached XP level 5. HP: 40/42 MP: 5/5
  2609 | D:4      | Found a burning altar of Makhleb.
  2713 | D:4      | Identified the +1 leather armour of the Butcher {Dex+4}
  2741 | D:4      | Reached skill level 7 in Polearms
  2775 | D:4      | Reached XP level 6. HP: 27/49 MP: 6/6
  2957 | D:4      | Reached *** piety under Trog
  3417 | D:4      | Found an ancient bone altar of Kikubaaqudgha.
  3510 | D:4      | Reached skill level 8 in Polearms
  3685 | D:4      | Reached skill level 5 in Fighting
  3710 | D:4      | Found a radiant altar of Vehumet.
  3710 | D:4      | Found a stormy altar of Qazlal.
  3788 | D:5      | Entered Level 5 of the Dungeon
  3814 | D:5      | Reached XP level 7. HP: 50/56 MP: 7/7
  4064 | D:5      | Found a snail-covered altar of Cheibriados.
  4178 | D:5      | Noticed a steam dragon
  4205 | D:5      | Killed a steam dragon
  4206 | D:5      | Reached skill level 9 in Polearms
  4901 | D:5      | Found a basalt altar of Yredelemnul.
  4941 | D:6      | Reached **** piety under Trog
  4942 | D:6      | Reached XP level 8. HP: 55/64 MP: 8/8
  4985 | D:6      | Reached skill level 10 in Polearms
  5099 | D:6      | Found a glowing drain.
  5127 | Sewer    | Entered a sewer
  5425 | Sewer    | Reached skill level 11 in Polearms
  5949 | D:6      | Reached skill level 12 in Polearms
  6046 | D:6      | Reached XP level 9. HP: 69/69 MP: 9/9
  6054 | D:6      | Found a staircase to the Ecumenical Temple.
  6209 | D:6      | Noticed a troll
  6222 | D:6      | Reached skill level 13 in Polearms
  6257 | D:6      | Reached ***** piety under Trog
  6258 | D:6      | Reached skill level 5 in Armour
  6371 | D:6      | Noticed a manticore
  6394 | D:6      | Killed a manticore
  6395 | D:6      | Reached skill level 14 in Polearms
  6402 | D:6      | Killed a troll
  6642 | D:6      | Reached XP level 10. HP: 75/76 MP: 10/10
  6676 | D:6      | Reached skill level 15 in Polearms
  6751 | D:6      | Found a runed translucent door.
  6752 | D:6      | Noticed Crazy Yiuf
  6964 | D:6      | Noticed Duvessa
  6965 | D:6      | Noticed Dowan
  6974 | D:6      | Killed Dowan
  6982 | D:6      | Killed Duvessa
  7255 | D:7      | Noticed Menkaure
  7257 | D:7      | Noticed Harold
  7274 | D:7      | Reached skill level 1 in Throwing
  7284 | D:7      | Killed an unseen horror
  7289 | D:7      | Killed Harold
  7293 | D:7      | Killed Menkaure
  7758 | D:7      | Found an opulent altar of Gozag.
  7782 | D:7      | Identified the amulet of Gehuwk {RegenMP rF+ rC+ rN+}
  7961 | D:8      | Found an ornate altar of the Wu Jian Council.
  7997 | D:8      | Reached skill level 16 in Polearms
  8279 | D:8      | You fall into a shaft and drop 1 floor!
  8343 | D:9      | Found a staircase to the Lair.
  8365 | D:9      | Reached skill level 17 in Polearms
  8401 | D:9      | Reached XP level 11. HP: 71/81 MP: 11/11
  8408 | D:9      | Noticed a two-headed ogre
  8424 | D:9      | Killed a two-headed ogre
  8425 | D:9      | Reached skill level 18 in Polearms
  8513 | D:9      | Identified a scroll of acquirement
  8513 | D:9      | Acquired a manual of Polearms
  8625 | D:8      | Noticed a two-headed ogre
  8647 | D:8      | Killed a two-headed ogre
  8648 | D:8      | Reached skill level 19 in Polearms
  8945 | D:8      | Found a shimmering blue altar of Sif Muna.
  8945 | D:8      | Found a faded altar of an unknown god.
  8951 | D:8      | Found a hazy altar of Hepliaklqana.
  8953 | D:8      | Found a faded altar of an unknown god.
  8955 | D:8      | Found a glowing silver altar of Zin.
  9786 | D:9      | Found a shadowy altar of Dithmenos.
  9997 | D:10     | Entered Level 10 of the Dungeon
  9997 | D:10     | Found Voheec's Distillery.
  9998 | D:10     | Found Jewnes's Assorted Antiques.
  9998 | D:10     | Found Qeliv's General Store.
  9998 | D:10     | Found Gomahot's Magic Scroll Shop.
 10038 | D:10     | Noticed a manticore
 10039 | D:10     | Noticed a manticore
 10051 | D:10     | Reached skill level 20 in Polearms
 10071 | D:10     | Killed a manticore
 10076 | D:10     | HP: 4/121 [troll (8)]
 10076 | D:10     | Killed from afar by a gargoyle

Illustrated notes

Levels and vault maps discovered:
D:1:      dpeg_arrival_tiny_i, layout_loops_cross, minmay_tree_intersection
D:2:      layout_rooms, kennysheep_doodads
D:3:      layout_rooms, hangedman_decor_diamond_cutter, uniq_ijyb
D:4:      wad_woods_stonehenge, layout_basic,
          gammafunk_temple_overflow_elements, nicolae_overflow_hidden_temple
D:5:      layout_loops_ring, yredelemnul_forgotten_temple_becter,
          general_overflow_altar, kennysheep_small_spiral, water_boxes_lemuel
D:6:      minmay_clustersquares, layout_gridville, minmay_temple_entry_ruins,
          portal_sewer_entry_b, uniq_crazy_yiuf_cottage, uniq_duvessa
D:7:      layout_loops_cross, nicolae_gozag_seed_capital, minivault_1,
          hangedman_decor_riveting, hangedman_decor_lopped, uniq_harold,
          uniq_menkaure
D:8:      layout_cave_pools, nzn_wu_jian_council_hall,
          chequers_temple_overflow_minitemple
D:9:      layout_roguey, grunt_dithmenos_shadows, due_lair_maze_entry_diamond
D:10:     layout_long_grid, trog_hazing_becter, erik_orc_1,
          minmay_shop_grid_forest, minmay_bent

Skill      XL: |  1  2  3  4  5  6  7  8  9 10 11 |
---------------+----------------------------------+-----
Polearms       | 5 6 7 8 9 12 14 17 20 | 20.0
Fighting       | 4 5 6 |  6.2
Armour         | 2 3 4 5 6 |  6.0
Dodging        | 4 |  4.8
Throwing       | 2 |  2.8

Action                   |  1- 3 |  4- 6 |  7- 9 | 10-12 || total
-------------------------+-------+-------+-------+-------++-------
Melee: Spear             |   126 |    55 |       |       ||   181
       Trident           |       |   232 |   475 |   262 ||   969
       Tailslap          |       |       |    19 |       ||    19
       Halberd           |       |       |       |   227 ||   227
       Glaive            |       |       |       |     7 ||     7
Throw: Dart              |       |       |     3 |       ||     3
Invok: Berserk           |     1 |     2 |     2 |     5 ||    10
       Trog's Hand       |       |     1 |     2 |     4 ||     7
       Brothers in Arms  |       |       |       |     2 ||     2
  Use: Scroll            |       |       |    14 |     1 ||    15
Armor: Animal skin       |     4 |       |       |       ||     4
       Leather armour    |     7 |       |       |       ||     7
       Chain mail        |    13 |   101 |   117 |       ||   231
       Plate armour      |       |       |    31 |    45 ||    76
       Scale mail        |       |       |       |   110 ||   110
Dodge: Dodged            |    59 |   139 |   172 |   303 ||   673

Table legend: (Time is in decaauts)
 A = Elapsed time spent in this place.
 B = Non-inter-level travel time spent in this place.
 C = Inter-level travel time spent in this place.
 D = Time resting spent in this place.
 E = Time spent auto-exploring this place.
 F = Levels seen in this place.
 G = Mean time per level.
                   A        B        C        D        E       F      G
               +--------+--------+--------+--------+--------+-----+--------+
         Total |   9646 |   9399 |    247 |    890 |   6555 |  11 |  876.9 |
       Dungeon |   9020 |   8773 |    247 |    881 |   6103 |  10 |  902.0 |
         Sewer |    626 |    626 |      0 |      8 |    451 |   1 |  626.0 |
               +--------+--------+--------+--------+--------+-----+--------+

Top non-repeatable levels by time:
     D:6: 1239 daAuts
     D:4: 1194 daAuts
     D:8: 1131 daAuts
     D:5: 1110 daAuts
     D:3: 1047 daAuts
     D:1: 913 daAuts
     D:7: 853 daAuts
     D:9: 853 daAuts
   Sewer: 626 daAuts
     D:2: 614 daAuts
    D:10: 62 daAuts
